Map: Catalyst LE

Players

Seismic

  • Race: Terran Terran
  • League: Gold
  • Spawn Location: 5:00

A.I. 1 (Easy) - Winner!

  • Race: Zerg Zerg
  • Spawn Location: 11:00

VOD

Have the link to the VOD?

Description

Time

  • Played on: March 1, 2018, 8:51 a.m.
  • Length: 9:01
Show
View Real Time Build Order
Export as new Build Order

Seismic Terran 

Build Orders: Liberator Opening, Bio Tank 

Get SALT Encoding   

  12  0:01  SCV  
  13  0:13  SCV  
  14  0:17  Supply Depot  
  14  0:25  SCV  
  15  0:29  Refinery  
  15  0:39  SCV  
  16  0:47  Barracks  
  16  0:51  SCV  
  17  1:03  SCV  
  18  1:15  SCV  
  19  1:34  Barracks Reactor  
  19  1:36  Orbital Command  
  19  1:50  Command Center  
  18  2:05  SCV  
  19  2:11  Factory  
  19  2:17  SCV  
  20  2:27  Marine  
  20  2:28  Marine  
  20  2:29  Supply Depot  
  22  2:30  SCV  
  22  2:34  Refinery  
  24  2:51  Marine, SCV  
  24  2:52  Marine  
  26  2:58  Starport, Factory Tech Lab  
  26  3:03  SCV  
  27  3:08  Orbital Command  
  27  3:14  Marine x2  
  27  3:15  SCV  
  30  3:21  Siege Tank  
  33  3:27  SCV  
  33  3:31  Liberator  
  33  3:33  SCV  
  35  3:38  Marine x2  
  35  3:39  SCV  
  41  3:56  Marine x2  
  41  3:59  Supply Depot  
  43  4:03  SCV x2  
  45  4:19  SCV  
  45  4:20  Siege Tank, SCV  
  45  4:21  Supply Depot  
  50  4:24  Marine x2  
  52  4:32  SCV  
  52  4:33  SCV  
  54  4:44  Supply Depot  
  54  4:48  Marine x2  
  56  4:53  Siege Tank  
  56  4:57  SCV x2  
  61  5:07  Supply Depot  
  61  5:09  SCV x2  
  63  5:21  Barracks  
  63  5:23  Barracks  
  63  5:27  Refinery  
  63  5:28  Refinery  
  63  5:29  Engineering Bay  
  63  5:31  Supply Depot  
  63  5:32  Marine  
  63  5:33  Marine  
  63  5:34  Siege Tank  
  68  5:36  Starport Reactor  
  68  5:47  SCV x2  
  70  5:59  SCV  
  70  6:00  SCV  
  72  6:05  Marine  
  72  6:06  Marine  
  72  6:09  Siege Tank  
  77  6:12  Terran Infantry Weapons Level 1  
  77  6:15  Barracks Tech Lab x2  
  77  6:18  SCV x2  
  79  6:33  Barracks  
  79  6:35  Barracks  
  79  6:37  Supply Depot x2, SCV  
  79  6:38  SCV  
  81  6:44  Stimpack  
  81  6:45  Combat Shields  
  81  6:46  Marine x2  
  83  6:47  Marine  
  83  6:48  Marine  
  85  6:58  Siege Tank, Medivac x2  
  92  7:01  Supply Depot  
  92  7:06  SCV x2  
  92  7:07  Supply Depot, Marine  
  92  7:08  Marine x2  
  95  7:09  Marine  
  98  7:24  Barracks Reactor  
  98  7:25  Barracks Reactor  
  98  7:26  Marine x2  
  98  7:27  Marine  
  98  7:28  Medivac x2, Marine  
  106  7:30  Siege Tank  
  109  7:44  Marine x2  
  109  7:45  Marine x2  
  113  7:58  Medivac x2  
  117  8:00  Supply Depot  
  117  8:01  Supply Depot  
  117  8:03  Marine  
  118  8:21  Siege Tank, Marine x4  
  118  8:23  Supply Depot, Marine x2  
  128  8:27  Supply Depot  
  128  8:28  Medivac  
  128  8:31  Marine  
  131  8:39  Marine x4  
  131  8:41  Marine x2  
  134  8:42  Marine  
Show
View Real Time Build Order
Export as new Build Order

A.I. 1 (Easy) Zerg - Winner!

Build Orders: Pool First 

Get SALT Encoding   

  12  0:01  Drone  
  13  0:12  Overlord  
  13  0:17  Drone  
  14  0:31  Drone  
  14  0:35  Drone  
  16  0:42  Spawning Pool  
  16  0:45  Drone  
  16  0:49  Extractor  
  15  0:52  Drone  
  16  0:59  Overlord  
  16  1:30  Zergling x2  
  16  1:31  Queen  
  19  1:33  Roach Warren  
  19  1:35  Drone  
  19  1:39  Extractor  
  18  1:42  Drone  
  18  1:44  Zergling x2  
  20  2:06  Overlord  
  20  2:13  Roach  
  22  2:18  Drone  
  23  2:23  Drone  
  24  2:34  Drone  
  25  2:38  Drone, Roach  
  25  2:42  Drone  
  29  2:47  Drone  
  30  2:56  Overlord  
  30  3:08  Roach  
  32  5:36  Drone, Overlord, Zergling x2, Lair  
  32  5:40  Drone  
  35  5:44  Drone  
  35  5:48  Zergling x2  
  35  5:49  Drone  
  38  6:13  Zergling x2  
  33  6:25  Zergling x2  
  32  6:33  Overseer x2  
  32  6:38  Spire  
  31  6:42  Drone, Hatchery  
  31  7:51  Mutalisk  
  31  7:54  Drone  
  34  7:59  Drone  
  34  8:03  Drone, Mutalisk  
  34  8:05  Extractor  
  37  8:07  Drone  
  37  8:12  Drone  
  39  8:15  Mutalisk  
  39  8:16  Drone  
  39  8:17  Extractor  
  41  8:20  Drone  
  41  8:25  Drone  
  43  8:29  Drone  
  43  8:34  Drone  
  45  8:38  Drone  
  46  8:43  Drone  
  46  8:47  Drone  
Tags
 
Composition
Bio Tank
League
Gold
Matchup
TvZ
Spawn Locations
Cross Positions
Add a new tag
Caveats
  • Supply blocks, unpowered buildings, or Contaminate may cause inaccurate times.
  • Supply counts are checked every 10 seconds.